 Dungeon Crawl Stone Soup version 0.28.0-53-g5a82cb258f (webtiles) character file.

Game seed: 15475353485401541242

2305 MiltankisOP the Transmogrifier (level 9, -4/72 HPs)
             Began as a Black Draconian Transmuter on June 13, 2022.
             Was a Believer of Kikubaaqudgha.
             Slain by a yak (9 damage)
             ... on level 5 of the Dungeon.
             The game lasted 00:16:52 (6469 turns).

MiltankisOP the Transmogrifier (DrTm)               Turns: 6469, Time: 00:16:53

Health: -4/72      AC: 16    Str: 13 (14) XL:     9   Next: 18%
Magic:  12/12      EV: 13    Int: 15 (17) God:    Kikubaaqudgha [**....]
Gold:   157        SH:  0    Dex: 10 (11) Spells: 9/12 levels left

rFire   . . .      SeeInvis .   b - +1 dagger (protect)
rCold   . . .      Faith    .   e - orb {*Rage}
rNeg    . . .      Spirit   .   (armour unavailable)
rPois   .          Reflect  .   (helmet currently unavailable)
rElec   +          Harm     .   (no cloak)
rCorr   .          Rampage  .   j - +1 pair of gloves
Will    .....      Rage     20% (boots currently unavailable)
Stlth   +.........              (no amulet)
HPRegen 0.22/turn               (no ring)
MPRegen 0.13/turn               (no ring)

@: appendages, under a protective aura, on berserk cooldown, slowed, very slow
A: horns 2, talons 2, breathe lightning, AC +7, unfitting armour, electricity
resistance, cold-blooded
a: Breathe Lightning, End Transformation, Renounce Religion, Receive Corpses


You were on level 5 of the Dungeon.
You worshipped Kikubaaqudgha.
Kikubaaqudgha was pleased with you.
You had temporarily grown beastly horns and talons.
You visited 2 branches of the dungeon, and saw 6 of its levels.

You collected 157 gold pieces.

Inventory:

Hand Weapons
 b - a +1 dagger of protection (weapon)
 l - a +1 dagger of flaming
Armour
 e - an orb of wrath (worn)
 j - a +1 pair of gloves (worn)
Magical Staves
 k - a staff of death
Jewellery
 o - a ring of protection from cold
 q - a ring of positive energy
 t - a ring of flight
Wands
 r - a wand of paralysis (7)
Scrolls
 g - 2 scrolls of identify {unknown}
 h - a scroll of enchant armour {unknown}
 i - 5 scrolls of teleportation {unknown}
 m - a scroll of acquirement {unknown}
 s - a scroll of magic mapping {unknown}
Potions
 a - a potion of might {unknown}
 c - a potion of degeneration
 d - a potion of invisibility {unknown}
 f - a potion of lignification {unknown}
 n - a potion of curing {unknown}
 p - a potion of cancellation {unknown}


   Skills:
 + Level 4.3 Fighting
 + Level 4.2 Dodging
 - Level 3.0 Unarmed Combat
 - Level 2.0 Spellcasting
 - Level 11.0 Transmutations


You had 9 spell levels left.
You knew the following spells:

 Your Spells              Type           Power      Damage    Failure   Level
a - Beastly Appendage     Tmut           68%        N/A       1%          1
b - Wereblood             Tmut           34%        N/A       1%          2

Your spell library contained the following spells:

 Spells                   Type           Power      Damage    Failure   Level
 Spider Form              Tmut/Pois      18%        N/A       7%          3
 Animate Skeleton         Necr           2%         N/A       22%         1
 Foxfire                  Conj/Fire      4%         2x1d4     22%         1
 Pain                     Necr           4%         1d4       22%         1
 Ice Form                 Ice/Tmut       18%        N/A       22%         4
 Corpse Rot               Necr/Air       2%         N/A       32%         2
 Conjure Flame            Conj/Fire      1%         6-21      54%         3
 Inner Flame              Hex/Fire       1%         N/A       54%         3
 Vampiric Draining        Necr           1%         2d6       54%         3
 Flame Wave               Conj/Fire      1%         2d4       91%         4


Dungeon Overview and Level Annotations

Branches:
Dungeon (5/15)             Temple (1/1) D:4

Altars:
Ashenzari
Cheibriados
Fedhas
Gozag
Kikubaaqudgha
Makhleb
Nemelex Xobeh
Okawaru
Qazlal
Ru
Sif Muna
Trog
Uskayaw
Vehumet
Wu Jian
Xom
Yredelemnul
Zin
The Shining One

Annotations:
D:3 2 transporters, bchevrier's ghost, amateur GnWr
D:4 2 transporters, arlandor's ghost, amateur DjFE


Innate Abilities, Weirdness & Mutations

You have temporarily grown beastly horns and talons.
You can breathe wild blasts of lightning.
Your glossy black scales are hard. (AC +7)
You cannot fit into any form of body armour.
You are resistant to electric shocks. (rElec)
You are cold-blooded and may be slowed by cold attacks.


Message History

The yak gores you!
You barely miss the yak. Your headbutt misses the yak.
You tail-slap the yak, but do no damage.
The yak is heavily wounded.
The yak closely misses you. The yak gores you.
* * * LOW HITPOINT WARNING * * *
You hit the yak but do no damage.
You tail-slap the yak, but do no damage.
The yak is heavily wounded.
The yak gores you.
* * * LOW HITPOINT WARNING * * *
You hit the yak. You claw the yak, but do no damage.
Your headbutt misses the yak.
The yak is heavily wounded.
The yak gores you but does no damage. The yak misses you.
You closely miss the yak. Your kick misses the yak.
Your tail-slap misses the yak.
The yak is heavily wounded.
The yak gores you.
* * * LOW HITPOINT WARNING * * *
You hit the yak but do no damage. You claw the yak. You tail-slap the yak.
The yak is heavily wounded.
The yak barely misses you. The yak gores you but does no damage.
You hit the yak but do no damage. You claw the yak, but do no damage.
You headbutt the yak.
The yak is severely wounded.
The yak barely misses you.
You hit the yak but do no damage. You claw the yak, but do no damage.
You headbutt the yak.
The yak is severely wounded.
The yak gores you but does no damage. The yak gores you!
* * * LOW HITPOINT WARNING * * *
Okay, then.
Unknown command.
It was a potion of degeneration.
There was something very wrong with that liquid.
You feel weakened.
You feel dopey.
You feel clumsy. The yak gores you!
You die...
Kikubaaqudgha rasps: "You have failed me!
Welcome... death!"

............
#.#####..... #...
#....... #..
##.#...# ###.. #
#..#.#.# ..#..
.####......
#.#Y#.#.##.....#..
#.#.#...###....#..
#@#Y#...##.....#..
#Y#.#...####......
#Y......###..#.#.#
##........###.#...#
#.........##.......
#.........####.....
#.......†..##......
#....#.#.#.###.###.
#....#.#.#.........


You could see 2 yaks.

Vanquished Creatures
  10 yaks
  Menkaure (D:5)
  An ice beast (D:3)
  2 ogres
  A phantom (D:3)
  A bullfrog (D:5)
  A scorpion (D:4)
  2 hounds
  A jelly (D:4)
  A killer bee zombie (D:5)
  A howler monkey zombie (D:5)
  7 gnolls
  7 adders
  An adder skeleton (D:4)
  A worm (D:2)
  3 dart slugs
  4 endoplasms
  2 giant cockroaches
  5 goblins
  4 hobgoblins
  4 jackals (D:1)
  A ball python (D:1)
  4 bats
  2 frilled lizards (D:1)
  7 kobolds
  10 rats
84 creatures vanquished.

Notes
Turn   | Place    | Note
-------+----------+-------------------------------------------
     0 | D:1      | MiltankisOP the Draconian Transmuter began the quest for
                  | the Orb.
     0 | D:1      | Reached XP level 1. HP: 16/16 MP: 3/3
   250 | D:1      | Reached XP level 2. HP: 9/23 MP: 3/5
   711 | D:1      | Reached skill level 3 in Transmutations
   741 | D:1      | Found a faded altar of an unknown god.
   754 | D:1      | Prayed at the altar of an unknown god.
   754 | D:1      | Became a worshipper of Kikubaaqudgha
   754 | D:1      | Reached * piety under Kikubaaqudgha
   754 | D:1      | Received a gift from Kikubaaqudgha
  1183 | D:1      | Reached XP level 3. HP: 17/28 MP: 4/6
  1387 | D:2      | Reached skill level 4 in Transmutations
  1870 | D:2      | Reached XP level 4. HP: 34/35 MP: 5/7
  2165 | D:2      | Reached ** piety under Kikubaaqudgha
  2174 | D:2      | Reached skill level 5 in Transmutations
  2578 | D:3      | Noticed a phantom
  2598 | D:3      | Killed a phantom
  2599 | D:3      | Reached XP level 5. HP: 40/40 MP: 6/8
  2829 | D:3      | Noticed an ice beast
  2843 | D:3      | Killed an ice beast
  2844 | D:3      | Reached skill level 6 in Transmutations
  2844 | D:3      | Reached XP level 6. HP: 15/47 MP: 9/9
  3315 | D:3      | Found a transporter.
  3318 | D:3      | Noticed bchevrier's ghost (amateur GnWr)
  3319 | D:3      | Found a transporter.
  3602 | D:4      | Found a stormy altar of Qazlal.
  3631 | D:4      | Found a staircase to the Ecumenical Temple.
  3655 | Temple   | Entered the Ecumenical Temple
  4044 | D:4      | Found a snail-covered altar of Cheibriados.
  4084 | D:4      | Reached skill level 7 in Transmutations
  4137 | D:4      | Found a bloodstained altar of Trog.
  4190 | D:4      | Noticed a yak
  4191 | D:4      | Noticed a yak
  4192 | D:4      | Noticed a yak
  4195 | D:4      | Learned a level 2 spell: Wereblood
  4195 | D:4      | Noticed a yak
  4197 | D:4      | Noticed a yak
  4198 | D:4      | Noticed a yak
  4199 | D:4      | Killed a yak
  4200 | D:4      | Your scales start taking on a glossy black colour.
  4200 | D:4      | Reached XP level 7. HP: 52/52 MP: 8/10
  4200 | D:4      | Gained mutation: You are resistant to electric shocks.
                  | (rElec) [Black Draconian growth]
  4203 | D:4      | Killed a yak
  4204 | D:4      | Reached skill level 8 in Transmutations
  4209 | D:4      | Killed a yak
  4215 | D:4      | Killed a yak
  4216 | D:4      | Reached skill level 9 in Transmutations
  4224 | D:4      | Killed a yak
  4225 | D:4      | Reached XP level 8. HP: 32/59 MP: 11/11
  4244 | D:4      | Reached skill level 10 in Transmutations
  4730 | D:4      | Noticed arlandor's ghost (amateur DjFE)
  4731 | D:4      | Found a transporter.
  4733 | D:4      | Found a transporter.
  4852 | D:4      | Found a shimmering blue altar of Sif Muna.
  5038 | D:5      | Entered Level 5 of the Dungeon
  5620 | D:5      | Noticed Menkaure
  5643 | D:5      | Killed Menkaure
  5644 | D:5      | Reached skill level 11 in Transmutations
  6070 | D:5      | Found a blossoming altar of Fedhas.
  6438 | D:5      | Reached XP level 9. HP: 70/70 MP: 9/12
  6469 | D:5      | Slain by a yak

Illustrated notes

Levels and vault maps discovered:
D:1:      amcnicky_arrival_choice, layout_basic, ebering_ecumenical_altar_mist
D:2:      layout_basic
D:3:      layout_basic, gammafunk_ghost_mausoleum, portal_sewer_entry_a,
          minmay_misc_feat_enclosed, small_statue_intersection, hex_tiny
D:4:      layout_loops_ring, mainiacjoe_overflow_catwalk,
          nicolae_qazlal_general_emergency, mainiacjoe_overflow_tiny_flanked,
          nicolae_overflow_crystal_walls, minmay_temple_entry_grid,
          gammafunk_ghost_smash
D:5:      nicolae_cairo_tiling_large_dashed, layout_basic,
          fedhas_ov_isle_minmay, serial_shops, nicolae_shop_crystal,
          hangedman_decor_clover_reticule, uniq_menkaure
Temple:   dpeg_chambers_temple

Skill      XL: |  1  2  3  4  5  6  7  8  9 |
---------------+----------------------------+-----
Transmutations | 3 4 5 6 7 9 11 | 11.0
Dodging        | 3 4 |  4.2
Fighting       | 3 4 |  4.3
Unarmed Combat | |  3.0
Spellcasting   | |  2.0

Action                   |  1- 3 |  4- 6 |  7- 9 || total
-------------------------+-------+-------+-------++-------
Melee: Unarmed           |    38 |       |       ||    38
       Kick              |    15 |    26 |    49 ||    90
       Headbutt          |     6 |    15 |    26 ||    47
       Tailslap          |    10 |    11 |    23 ||    44
       Dagger            |    47 |    96 |   150 ||   293
 Cast: Beastly Appendage |    19 |    29 |    13 ||    61
       Wereblood         |       |       |     1 ||     1
 Abil: Breathe Lightning |       |       |     1 ||     1
  Use: Scroll            |     1 |       |       ||     1
       Potion            |       |       |     1 ||     1
Armor: Skin              |    35 |    38 |    43 ||   116
Dodge: Dodged            |    84 |    42 |    76 ||   202
